 Dungeon Crawl Stone Soup version 0.25-a0-156-g0c4bda3fdf (webtiles) character file.

Game seed: 11437157327803920863, levelgen mode: deterministic

6841 Leeroy the Carver (level 10, -1/89 HPs)
             Began as a Yellow Draconian Skald on Nov 20, 2019.
             Was a Follower of Okawaru.
             Slain by a wraith (12 damage)
             ... on level 10 of the Dungeon.
             The game lasted 00:36:58 (14578 turns).

Leeroy the Carver (Yellow Draconian Skald)         Turns: 14578, Time: 00:36:58

Health: -1/89      AC: 11    Str: 14    XL:     10   Next: 77%
Magic:  18/18      EV: 18    Int: 13    God:    Okawaru [*.....]
Gold:   426        SH:  0    Dex: 19    Spells: 9/20 levels left

rFire    . . .     SeeInvis .   W - +3 great sword (slice)
rCold    . . .     Gourm    .   (shield currently unavailable)
rNeg     . . .     Faith    .   (armour unavailable)
rPois    .         Spirit   .   (helmet restricted)
rElec    .         Reflect  .   (no cloak)
rCorr    +         Harm     .   (no gloves)
MR       .....                  m - +0 pair of boots
Stlth    ++++......             (no amulet)
HPRegen  0.24/turn              A - ring of stealth
MPRegen  0.16/turn              t - +3 ring of protection

@: agile, slowed, very slow
A: spit acid, unfitting armour, cold-blooded, acid resistance, AC +7
a: Breathe Acid, Heroism, Renounce Religion


You were on level 10 of the Dungeon.
You worshipped Okawaru.
Okawaru was aware of your devotion.
You were hungry.

You visited 2 branches of the dungeon, and saw 11 of its levels.
You also visited: Sewer.

You collected 673 gold pieces.
You spent 247 gold pieces at shops.

Inventory:

Hand Weapons
 n - a +1 vampiric dagger
 p - a +2 dagger of holy wrath
 C - a +4 dagger of flaming
 H - a cursed +0 scimitar
 L - a +0 arbalest
 S - a +0 great sword of electrocution
 W - a +3 great sword of slicing (weapon)
Missiles
 f - 427 stones
 g - 52 poisoned darts (quivered)
 i - 82 sling bullets
 D - 3 javelins
 G - 6 boomerangs
 I - a throwing net
Armour
 m - a +0 pair of boots (worn)
 J - a +0 buckler
Jewellery
 b - an uncursed ring of ice
 d - an uncursed ring of ice
 s - an uncursed ring of ice
 t - a +3 ring of protection (right hand)
 u - a cursed ring of teleportation
 A - a ring of stealth (left hand)
 Q - an uncursed ring of poison resistance
 T - a +2 ring of strength
Wands
 e - a wand of acid (13)
 j - a wand of random effects (13)
 v - a wand of polymorph (21)
 x - a wand of enslavement (10)
 z - a wand of scattershot (19)
Scrolls
 a - a scroll of fear {unknown}
 h - 3 scrolls of identify
 k - a scroll of amnesia {unknown}
 l - 4 scrolls of magic mapping
 o - 2 scrolls of noise {unknown}
 y - a scroll of blinking {unknown}
 B - 2 scrolls of enchant armour {unknown}
 E - 2 scrolls of immolation {unknown}
 K - a scroll of random uselessness {unknown}
 O - a scroll of enchant weapon {unknown}
 U - a scroll of fog {unknown}
 V - 4 scrolls of remove curse
Potions
 q - a potion of brilliance {unknown}
 r - a potion of degeneration
 w - a potion of berserk rage {unknown}
 M - a potion of resistance {unknown}
 N - a potion of magic {unknown}
 P - 2 potions of heal wounds {unknown}
 R - a potion of invisibility {unknown}
 X - 2 potions of flight {unknown}
Comestibles
 c - 17 rations
 F - 5 chunks of flesh


   Skills:
 - Level 8.3 Fighting
 - Level 11.0 Long Blades
 + Level 2.4 Dodging
 - Level 5.5 Spellcasting
 - Level 5.3 Hexes
 - Level 4.4 Charms
 - Level 4.2 Invocations


You had 9 spell levels left.
You knew the following spells:

 Your Spells              Type           Power        Failure   Level  Hunger
a - Infusion              Chrm           ###.         2%          1    None
b - Spectral Weapon       Hex/Chrm       ###.....     7%          3    ###....
c - Regeneration          Chrm/Necr      #.........   22%         3    ###....
d - Cause Fear            Hex            ###.......   19%         4    ####...

Your spell library contained the following spells:

 Spells                   Type           Power        Failure   Level  Hunger
 Song of Slaying          Chrm           ###.....     4%          2    ##.....
 Shroud of Golubria       Chrm/Tloc      #.....       11%         2    ##.....
 Silence                  Hex/Air        ##........   86%         5    ######.
 Yara's Violent Unravell  Hex/Tmut       ##........   86%         5    ######.
 Deflect Missiles         Chrm/Air       #.........   100%        6    #######
 Discord                  Hex            ###.......   100%        8    #######


Dungeon Overview and Level Annotations

Branches:
Dungeon (10/15)            Temple (1/1) D:7           Sewer (visited)
   Lair: D:8-11         Orc: D:9-12

Altars:
Ashenzari
Cheibriados
Dithmenos
Elyvilon
Fedhas
Gozag
Hepliaklqana
Kikubaaqudgha
Makhleb
Nemelex Xobeh
Okawaru
Qazlal
Ru
Sif Muna
Trog
Uskayaw
Vehumet
Wu Jian
Xom
Yredelemnul
Zin
The Shining One

Shops:
D:5 ?   D:8 (

Annotations:
D:8 2 transporters, Xiguana's ghost, novice OgVM


Innate Abilities, Weirdness & Mutations

You can spit globs of acid.
Your golden yellow scales are hard. (AC +7)
You cannot fit into any form of body armour.
You are cold-blooded and may be slowed by cold attacks.
You are resistant to acid. (rCorr)


Message History

The wraith hits you.
* * * LOW HITPOINT WARNING * * *
The wraith drains your vigour!
You feel as though you will be slow longer.
The orc moves out of view.
An orc wizard comes into view. It is wielding a +0 whip.
The orc wizard shouts!
You slash the wraith!
The wraith is almost destroyed.
You feel like a meek peon again. The wraith barely misses you.
You hit the wraith but do no damage.
The wraith is almost destroyed.
The orc wizard begins to cast a cantrip, but forgets the words!
The wraith hits you!
* * * LOW HITPOINT WARNING * * *
The wraith drains your vigour!
You feel as though you will be slow longer.
The wraith hits you!
You die...

### ..# #.# #.# ####
############.# ...
..##....(##.# #.#
#.##.###.....
####.#####.##.###..#.#
#....@.....o....#..#..
#.##W##..#.##o#.#..###
#.#.##W#####.##.J....###
#.....Z..Z.Jo####.##....
##.########### #[######
#...J..# #.##.#.# #
#....# ... ....


You could see a hungry ghost, a wraith, an orc wizard and a centaur zombie.

Vanquished Creatures
  Erica (D:10)
  Maurice (D:9)
  Grinder (D:4)
  2 hippogriffs (D:8)
  A spriggan (D:8)
  Sigmund (D:4)
  Menkaure (D:6)
  Duvessa (D:5)
  2 ice beasts
  4 phantoms
  4 sky beasts
  5 orc warriors
  3 ogres
  4 centaurs
  A crocodile (D:10)
  4 bullfrogs
  Blork the orc (D:6)
  Dowan (D:5)
  A water moccasin skeleton (D:8)
  19 killer bees
  5 wights (D:9)
  2 crimson imps
  2 jellies
  A quasit (D:5)
  9 orc wizards
  2 bullfrog skeletons
  8 orc priests
  3 hounds
  3 worker ants
  A hound zombie (D:6)
  8 gnolls
  A howler monkey skeleton (D:4)
  2 river rats (D:3)
  13 adders
  3 adder skeletons
  2 worms (D:2)
  2 dart slugs
  11 leopard geckos
  35 orcs
  6 bats
  14 giant cockroaches
  20 goblins
  9 hobgoblins
  22 jackals
  3 quokkas
  5 ball pythons
  6 frilled lizards
  A jackal skeleton (D:7)
  9 kobolds
  12 rats
278 creatures vanquished.

Vanquished Creatures (others)
  2 spectral weapons
2 creatures vanquished.

Grand Total: 280 creatures vanquished

Notes
Turn   | Place    | Note
-------+----------+-------------------------------------------
     0 | D:1      | Leeroy the Draconian Skald began the quest for the Orb.
     0 | D:1      | Reached XP level 1. HP: 17/17 MP: 3/3
   165 | D:2      | Reached XP level 2. HP: 10/24 MP: 5/5
   201 | D:2      | Reached skill level 3 in Long Blades
   600 | D:2      | Reached XP level 3. HP: 16/29 MP: 6/6
   973 | D:1      | Reached skill level 4 in Long Blades
  1166 | D:1      | Reached XP level 4. HP: 25/36 MP: 7/7
  1809 | D:3      | Reached skill level 5 in Long Blades
  1934 | D:3      | Reached XP level 5. HP: 21/41 MP: 8/8
  2069 | D:3      | Found a glowing drain.
  2094 | Sewer    | Entered a sewer
  2116 | Sewer    | Learned a level 3 spell: Spectral Weapon
  2277 | Sewer    | Reached skill level 6 in Long Blades
  2566 | Sewer    | Reached XP level 6. HP: 44/48 MP: 9/9
  3214 | D:3      | Reached skill level 7 in Long Blades
  3849 | D:4      | Reached skill level 1 in Hexes
  3863 | D:4      | Noticed Grinder
  3872 | D:4      | Paralysed by Grinder for 3 turns
  3894 | D:4      | Killed Grinder
  3894 | D:4      | Your scales start taking on a golden yellow colour.
  3894 | D:4      | Reached XP level 7. HP: 46/55 MP: 4/10
  3894 | D:4      | Gained mutation: You are resistant to acid. (rCorr) [Yellow
                  | Draconian growth]
  3972 | D:4      | Found a sparkling altar of Nemelex Xobeh.
  4016 | D:4      | Found a white marble altar of Elyvilon.
  4163 | D:4      | Noticed Sigmund
  4184 | D:4      | Learned a level 3 spell: Regeneration
  4381 | D:4      | Killed Sigmund
  4856 | D:5      | Entered Level 5 of the Dungeon
  5406 | D:4      | Reached skill level 5 in Hexes
  5675 | D:5      | Reached XP level 8. HP: 57/62 MP: 7/11
  5762 | D:5      | Learned a level 4 spell: Cause Fear
  5887 | D:5      | Found a shattered altar of Ashenzari.
  5938 | D:5      | Found Pyuxatu's Magic Scroll Emporium.
  6195 | D:5      | Found a shadowy altar of Dithmenos.
  6220 | D:5      | Found a bloodstained altar of Trog.
  6362 | D:5      | Reached skill level 5 in Fighting
  6581 | D:6      | Noticed Blork the orc
  6590 | D:6      | Killed Blork the orc
  6769 | D:6      | Noticed Duvessa
  6769 | D:6      | Noticed Dowan
  6807 | D:5      | Killed Duvessa
  6816 | D:5      | Killed Dowan
  7253 | D:6      | Noticed Menkaure
  7264 | D:6      | Killed Menkaure
  7334 | D:6      | Found a shimmering blue altar of Sif Muna.
  8081 | D:7      | Reached XP level 9. HP: 16/81 MP: 8/12
  8082 | D:7      | Found a staircase to the Ecumenical Temple.
  8089 | Temple   | Entered the Ecumenical Temple
  9796 | D:7      | Reached skill level 5 in Spellcasting
 11259 | D:8      | Found Sogeistri's Antique Weapon Shoppe.
 11268 | D:8      | Bought a runed great sword for 247 gold pieces
 11444 | D:8      | Reached skill level 8 in Long Blades
 12187 | D:8      | Found a glowing golden altar of the Shining One.
 12257 | D:8      | Noticed a moth of wrath
 12266 | D:8      | Found a bloodstained altar of Trog.
 12266 | D:8      | Noticed Xiguana's ghost (novice OgVM)
 12267 | D:8      | Identified the +6 trident of Leeroy's Bloody Death
                  | {protect, rC+ rN+ Int-3 Dex+4}
 12289 | D:8      | Reached XP level 10. HP: 45/88 MP: 18/18
 12705 | D:8      | Reached skill level 9 in Long Blades
 12733 | D:8      | Found a transporter.
 12800 | D:8      | Found a transporter.
 12992 | D:9      | Found a shimmering altar of Xom.
 12992 | D:9      | Found a shimmering altar of Xom.
 12992 | D:9      | Found a shimmering altar of Xom.
 12992 | D:9      | Found a shimmering altar of Xom.
 12993 | D:9      | Found a shimmering altar of Xom.
 12997 | D:9      | Found a shimmering altar of Xom.
 12997 | D:9      | Found a shimmering altar of Xom.
 12998 | D:9      | Found a shimmering altar of Xom.
 13344 | D:9      | Found an iron altar of Okawaru.
 13352 | D:9      | Became a worshipper of Warmaster Okawaru
 13492 | D:9      | Found a basalt altar of Yredelemnul.
 13750 | D:9      | Found a hazy altar of Hepliaklqana.
 13759 | D:9      | Reached skill level 10 in Long Blades
 13833 | D:9      | Noticed Maurice
 13854 | D:9      | Killed Maurice
 13929 | D:9      | Noticed a salamander
 13976 | D:9      | Found a glowing golden altar of the Shining One.
 14115 | D:10     | Entered Level 10 of the Dungeon
 14183 | D:10     | Reached * piety under Okawaru
 14485 | D:10     | Reached skill level 11 in Long Blades
 14533 | D:10     | Noticed Erica
 14549 | D:10     | Killed Erica
 14578 | D:10     | Slain by a wraith

Levels and vault maps discovered:
D:1:      onia_arrival_pyramid, layout_basic
D:2:      layout_loops_ring, serial_bayou_pond_e
D:3:      layout_basic, gup_sewer_entry_spiral, first_ration,
          guppyfry_early_orc_mine
D:4:      layout_loops_corners, overflow_temple_1_default,
          nemelex_spade_bored_becter, uniq_grinder, uniq_sigmund
D:5:      layout_loops_cross, nicolae_dithmenos_the_darkroom,
          cheibrodos_ashenzari_chains, serial_shops, shop, trog_hazing_becter
D:6:      layout_gridville, kennysheep_mini, uniq_duvessa, uniq_menkaure,
          uniq_blork_the_orc
D:7:      layout_basic, temple_statues
D:8:      layout_basic, gammafunk_ghost_wrathful_warriors, serial_shops,
          nicolae_shop_overgrown_old_shop, the_bakery,
          chequers_serial_rivers_room_a, tso_altar
D:9:      layout_loops_ring, marbit_many_paths, lemuel_coloured_pillars_altar,
          xom_shifter_show, kennysheep_mini_moat, overflow_temple_1_default,
          uniq_maurice
D:10:     layout_loops_cross, uniq_erica
Temple:   nicolae_temple_figure_eight

Skill      XL: |  1  2  3  4  5  6  7  8  9 10 |
---------------+-------------------------------+-----
Long Blades    | 3 4 5 6 7 8 11 | 11.0
Hexes          | 3 5 |  5.3
Fighting       | 8 |  8.3
Spellcasting   | 5 |  5.5
Charms         | 4 |  4.4
Invocations    | 4 |  4.2
Dodging        | |  2.4

Action                   |  1- 3 |  4- 6 |  7- 9 | 10-12 || total
-------------------------+-------+-------+-------+-------++-------
Melee: Falchion          |   127 |   259 |   166 |       ||   552
       Tailslap          |    11 |    33 |    74 |    21 ||   139
       Dagger            |       |    10 |   344 |    63 ||   417
       Great sword       |       |       |    37 |   100 ||   137
 Fire: Hunting sling     |    11 |       |       |       ||    11
Throw: Dart              |    10 |       |       |       ||    10
 Cast: Infusion          |     2 |     8 |     3 |       ||    13
       Spectral Weapon   |       |     1 |     9 |     3 ||    13
       Regeneration      |       |       |     3 |       ||     3
Invok: Heroism           |       |       |       |     1 ||     1
 Abil: Breathe Acid      |       |       |    15 |     2 ||    17
  Use: Scroll            |       |       |     8 |       ||     8
       Potion            |       |       |     4 |     1 ||     5
 Stab: Sleeping          |     1 |     1 |     2 |     5 ||     9
       Distracted        |       |       |     1 |       ||     1
  Eat: Chunk             |     1 |     9 |    23 |     7 ||    40
       Ration            |       |       |     3 |       ||     3
Armor: Skin              |    42 |    82 |   187 |    61 ||   372
Dodge: Dodged            |   106 |   164 |   353 |   112 ||   735
       Rpst.: Falchion   |    32 |    58 |    19 |       ||   109
       Great sword       |       |       |    14 |    27 ||    41

Table legend:
 A = Non-vault XP
 B = Vault XP
 C = Vault XP percentage of total XP
 D = Non-vault monster count
 E = Vault monster count
 F = Vault count percentage of total count
                 A         B        C        D         E       F
            +---------+---------+-------+---------+---------+-------
      Total |    6740 |    3033 |  31.0 |     232 |      46 |  16.5
            +---------+---------+-------+---------+---------+-------
        D:1 |      56 |       0 |   0.0 |      26 |       0 |   0.0
        D:2 |      60 |       0 |   0.0 |      23 |       0 |   0.0
        D:3 |     169 |      51 |  23.2 |      36 |      13 |  26.5
        D:4 |     330 |     484 |  59.5 |       9 |       2 |  18.2
        D:5 |     628 |     241 |  27.7 |      17 |       8 |  32.0
        D:6 |     423 |     268 |  38.8 |      11 |       2 |  15.4
        D:7 |    1047 |       0 |   0.0 |      28 |       0 |   0.0
        D:8 |    1893 |     220 |  10.4 |      44 |       1 |   2.2
        D:9 |    1081 |     582 |  35.0 |      18 |       2 |  10.0
       D:10 |    1017 |     923 |  47.6 |      19 |       1 |   5.0
     Temple |      36 |       0 |   0.0 |       1 |       0 |   0.0
      Sewer |       0 |     264 | 100.0 |       0 |      17 | 100.0
            +---------+---------+-------+---------+---------+-------
